AoeStats
← Blei Blei

Arena

510143459Analyzed
3v3 RM · 4d ago on Sep 29, 2026· 132m 40s· 6 players
Game mode
Random Map
Map size
Normal (6 player)
Population
200
Speed
Normal
Resources
Standard
Victory
Conquest
Starting age
Dark Age
Ending age
Imperial Age
RankedLock teamsTeams togetherTeam positionsShared explorationLock speedFull tech treeHidden civsTurbo modeCheats
Victory
Defeat
🇯🇴 Bohemians · Jordan
876
+16
🇮🇳 Portuguese · India
875
+16
🇯🇵 Saxons · Japan
794
+20
🇵🇪 Mongols · Peru
969
-20
🇵🇪 Byzantines · Peru
834
-16
🇵🇪 Persians · Peru
833
-16
Hamzah_IronX
9:39 Loom
11:56 Feudal Age
18:16 Castle Age
17:14 Double-Bit Axe
17:12 Horse Collar
29:30 Imperial Age
29:36 Imperial Age
28:31 Chemistry
28:04 Bow Saw
27:57 Heavy Plow
27:56 Town Watch
29:24 Fletching
30:39 Wheelbarrow
31:19 Two-Man Saw
31:31 Bodkin Arrow
31:53 Town Patrol
33:41 Elite Hussite Wagon
36:05 Bracer
36:31 Hand Cart
40:38 Padded Archer Armor
40:38 Scale Mail Armor
40:49 Forging
41:55 Arrowslits
47:04 Elite Skirmisher
51:47 Husbandry
52:03 Cavalier
54:26 Light Cavalry
61:52 Arson
62:07 Squires
64:20 Pikeman
67:22 Halberdier
87:00 Chain Mail Armor
87:01 Leather Archer Armor
87:23 Iron Casting
116:11 Houfnice
knight
11:24 Feudal Age
12:44 Loom
15:50 Castle Age
20:55 Fletching
22:20 Bodkin Arrow
26:43 Ballistics
26:58 Double-Bit Axe
27:32 Town Watch
32:09 Forging
39:03 Bow Saw
45:01 Horse Collar
49:35 Imperial Age
49:17 Treadmill Crane
52:28 Imperial Age
52:24 Wheelbarrow
54:15 Conscription
55:08 Hand Cart
58:36 Chemistry
57:43 Guard Tower
59:42 Bracer
59:31 Arrowslits
62:48 Two-Man Saw
61:54 Heavy Plow
62:07 Town Patrol
65:46 Keep
67:17 Stone Mining
68:27 Murder Holes
68:08 Crossbowman
68:57 Gold Mining
70:22 Gold Shaft Mining
72:46 Thumb Ring
74:49 Elite Varangian Guard
75:33 Squires
75:19 Gambesons
77:50 Arbalester
87:18 Pikeman
88:08 Scale Mail Armor
88:19 Caravan
91:06 Iron Casting
94:14 Chain Mail Armor
94:49 Onager
96:58 Plate Mail Armor
97:36 Halberdier
97:48 Halberdier
98:13 Arson
103:08 Padded Archer Armor
106:55 Leather Archer Armor
110:10 Shield Wall
111:25 Ring Archer Armor
114:23 Capped Ram
116:45 Siege Engineers
117:01 Siege Ram
SjRFreestyle
1:02 Loom
10:56 Feudal Age
18:23 Castle Age
16:57 Double-Bit Axe
20:24 Bow Saw
30:00 Imperial Age
32:00 Chemistry
33:35 Ballistics
39:33 Fortified Wall
39:52 Conscription
40:51 Wheelbarrow
41:30 Arquebus
45:31 Two-Man Saw
45:39 Pikeman
46:05 Arson
46:38 Forging
46:28 Scale Mail Armor
46:18 Fletching
46:29 Padded Archer Armor
49:05 Iron Casting
48:46 Chain Mail Armor
48:26 Bodkin Arrow
48:15 Halberdier
52:00 Bracer
52:15 Leather Archer Armor
53:00 Blast Furnace
52:31 Plate Mail Armor
52:30 Elite Skirmisher
58:45 Capped Ram
60:31 Ring Archer Armor
60:53 Sappers
62:10 Gambesons
71:08 Hand Cart
90:33 Scale Barding Armor
90:21 Heated Shot
90:13 Treadmill Crane
105:41 Light Cavalry
106:32 Bloodlines
106:22 Husbandry
109:56 Chain Barding Armor
Fuck THIS
5:18 Loom
12:16 Feudal Age
16:34 Castle Age
15:01 Double-Bit Axe
14:58 Horse Collar
24:12 Heavy Plow
24:26 Bow Saw
26:58 Stone Mining
28:53 Stone Shaft Mining
33:03 Imperial Age
34:17 Elite Cataphract
34:58 Gold Mining
37:05 Scale Barding Armor
37:14 Forging
38:50 Chain Barding Armor
39:11 Iron Casting
38:43 Cavalier
40:13 Gold Shaft Mining
40:15 Fortified Wall
41:12 Plate Barding Armor
43:58 Paladin
47:01 Paladin
110:35 Capped Ram
111:53 Siege Ram
116:01 Crop Rotation
117:19 Heavy Cavalry Archer
123:32 Fletching
123:45 Padded Archer Armor
130:23 Bodkin Arrow
130:46 Leather Archer Armor
132:32 Two-Man Saw
Blei Blei
11:04 Feudal Age
11:33 Double-Bit Axe
17:53 Castle Age
16:40 Gold Mining
16:42 Stone Mining
21:24 Wheelbarrow
21:04 Fletching
24:10 Horse Collar
25:59 Heavy Plow
31:01 Imperial Age
28:56 Bow Saw
29:24 Bodkin Arrow
29:37 Padded Archer Armor
30:56 Hand Cart
30:28 Town Watch
30:29 Loom
31:31 Leather Archer Armor
31:51 Ballistics
31:58 Bracer
32:10 Forging
34:21 Stone Shaft Mining
34:53 Conscription
36:08 Chemistry
36:34 Iron Casting
38:24 Gold Shaft Mining
37:34 Elite Mangudai
38:40 Drill
38:37 Onager
39:50 Town Patrol
41:39 Siege Onager
46:31 Capped Ram
51:31 Fortified Wall
60:37 Light Cavalry
61:29 Bloodlines
61:40 Husbandry
61:54 Hussar
62:27 Siege Ram
67:21 Scale Barding Armor
68:18 Blast Furnace
73:21 Chain Barding Armor
77:03 Elite Skirmisher
77:49 Thumb Ring
86:02 Caravan
104:11 Scale Mail Armor
123:51 Crossbowman
125:23 Arbalester
Abel Huamaní
10:59 Feudal Age
15:51 Castle Age
13:49 Double-Bit Axe
17:09 Loom
18:26 Pikeman
19:06 Squires
33:38 Imperial Age
41:06 Chemistry
47:02 Capped Ram
49:50 Onager
50:57 Capped Ram
52:17 Ballistics
52:25 Siege Ram
53:30 Heavy Scorpion
61:17 Husbandry
65:16 Scale Barding Armor
65:21 Forging
65:44 Cavalier
70:39 Savar
81:51 Hoardings
110:56 Town Watch
111:46 Wheelbarrow
111:37 Chain Barding Armor
111:52 Iron Casting
111:08 Fletching
111:18 Scale Mail Armor
111:19 Padded Archer Armor
113:38 Elite War Elephant
117:34 Murder Holes
120:11 Chain Mail Armor
120:56 Blast Furnace
120:12 Leather Archer Armor
119:52 Bodkin Arrow
120:33 Plate Barding Armor
131:35 Crossbowman
132:20 Thumb Ring
Connection lost

Rejoining the realm…

Still unreachable

The connection could not be restored.

Session expired

The server has moved on; the page needs a fresh start.